AoeStats
← Borjão09

Arena

511133225Analyzed
1v1 RM · 14d ago on Oct 3, 2026· 15m 25s· 2 players
Game mode
Random Map
Map size
Tiny (2 player)
Population
200
Speed
Normal
Resources
Standard
Victory
Conquest
Starting age
Dark Age
Ending age
Imperial Age
RankedLock teamsTeams togetherTeam positionsShared explorationLock speedFull tech treeHidden civsTurbo modeCheats
Victory
Defeat
🇨🇦 Spanish · Canada
150
+15
vs
🇧🇷 Slavs · Brazil
136
-15
Borjão09
1:39 Loom
15:52 Feudal Age
julia.badgley
11:14 Feudal Age
9:31 Loom
11:45 Horse Collar
11:55 Double-Bit Axe
13:57 Gold Mining
15:01 Man-at-Arms
Connection lost

Rejoining the realm…

Still unreachable

The connection could not be restored.

Session expired

The server has moved on; the page needs a fresh start.